 Dungeon Crawl Stone Soup version 0.28.0-1-gb440e238dd (webtiles) character file.

Game seed: 1929976796293012007

126 mcwallace the Chiller (level 5, -5/38 HPs)
             Began as a Barachi Ice Elementalist on Feb 22, 2022.
             Killed by nerve-wracking pain
             ... invoked by Grinder
              (7 damage)
             ... on level 3 of the Dungeon.
             The game lasted 00:09:41 (4986 turns).

mcwallace the Chiller (Barachi Ice Elementalist)    Turns: 4986, Time: 00:09:41

Health: -5/38      AC:  2    Str: 10    XL:     5   Next: 10%
Magic:  0/9        EV: 12    Int: 17    God:
Gold:   154        SH:  0    Dex: 12    Spells: 3/10 levels left

rFire   . . .      SeeInvis .   q - +0 spear {polearm}
rCold   + . .      Faith    .   (no shield)
rNeg    . . .      Spirit   .   a - +0 robe
rPois   .          Reflect  .   (no helmet)
rElec   .          Harm     .   (no cloak)
rCorr   .          Rampage  .   (no gloves)
Will    .....                   (no boots)
Stlth   ++........              (no amulet)
HPRegen 0.12/turn               k - ring of protection from cold
MPRegen 0.11/turn               (no ring)

@: slow
A: amphibious, slowness 1, strong legs 1, +LOS
a: Hop


You were on level 3 of the Dungeon.
You visited 1 branch of the dungeon, and saw 3 of its levels.

You collected 154 gold pieces.


Innate Abilities, Weirdness & Mutations

You are amphibious.
You cover ground slowly.
You can hop short distances.
You have an extended range of vision and can be seen from far away.


   Skills:
 + Level 2.1 Fighting
 + Level 2.1 Armour
 + Level 3.1 Dodging
 - Level 1.7 Stealth
 + Level 3.0 Spellcasting
 + Level 5.5 Ice Magic


You had 3 spell levels left.
You knew the following spells:

 Your Spells              Type           Power      Damage    Failure   Level
a - Freeze                Ice            84%        1d10      1%          1
b - Frozen Ramparts       Ice            42%        1d6       5%          3
c - Ozocubu's Armour      Ice            21%        N/A       5%          3

Your spell library contained the following spells:

 Spells                   Type           Power      Damage    Failure   Level
 Inner Flame              Hex/Fire       2%         N/A       45%         3
 Hailstorm                Conj/Ice       12%        3d5       50%         4
 Cause Fear               Hex            1%         N/A       86%         4
 Discord                  Hex            1%         N/A       100%        8

Inventory:

Hand Weapons
 b - a +0 mace {mace}
   (You found it on level 1 of the Dungeon)
 h - a +0 club {mace}
   (You took it off a goblin on level 1 of the Dungeon)
 q - a +0 spear (weapon) {polearm}
   (You took it off a gnoll on level 3 of the Dungeon)
Missiles
 g - 18 stones {throwing}
 m - 2 javelins {throwing}
 n - 30 sling bullets
 p - 3 poisoned darts {throwing}
 r - 26 arrows
Armour
 a - a +0 robe (worn)
Jewellery
 k - a ring of protection from cold (left hand)
   (You found it on level 2 of the Dungeon)
Scrolls
 e - 4 scrolls of identify {unknown}
 f - a scroll of immolation {unknown}
 o - a scroll of vulnerability {unknown}
 t - a scroll of blinking {unknown}
Potions
 c - 2 potions of curing {unknown}
 d - a potion of attraction {unknown}
 i - 2 potions of flight {unknown}
 j - a potion of brilliance {unknown}
 l - 3 potions of lignification {unknown}
 s - a potion of heal wounds {unknown}

Dungeon Overview and Level Annotations

Branches:
Dungeon (3/15)

Altars:

Annotations:
D:3 Grinder

..................###......#..###
###....#########...####....#.## #
#......# #.#.# #.......###
.......# #.#.# ##...##.....
#......# #.#.###...###.####
.......#########.#.#.#######..###
.............≈##.....#≈≈≈≈###...#
########..#≈≈≈≈###..####≈≈≈#####.
# ######≈≈≈@#####≈≈≈≈≈≈≈≈≈##
######.####≈≈≈≈≈5≈≈≈#####≈≈≈≈
#####.........#####≈≈≈### #≈≈##
....†.............###########≈≈≈#
....###.........#..# #≈≈≈≈≈####
##### #.........#.##########≈≈≈≈≈
#.........#.≈≈≈5≈≈#######≈≈
#.........#.###≈≈≈≈≈≈≈≈≈≈#5
#..............#############


You could see Grinder.


Message History

Casting: Ozocubu's Armour (dangerous; 5% risk of failure)
Confirm with . or Enter, or press ? or * to list all spells.
Casting: Frozen Ramparts (dangerous; 5% risk of failure)
Press: ? - help, Dir - look around, f - activate Some shallow water.
The walls around you are covered in ice.
Grinder completely resists.
The wall freezes Grinder but does no damage.
Grinder barely misses you. 😮 MP[-3]
You lost 3 mp, and now have 0/9 mp.
You barely miss Grinder.
Grinder completely resists.
The wall freezes Grinder but does no damage.
Grinder splashes around in the water.
You barely miss Grinder.
Grinder completely resists.
The wall freezes Grinder but does no damage.
Grinder blinks! 😮 HP[+1] Grinder completely resists.
The wall freezes Grinder but does no damage.
You hit Grinder but do no damage.
The frozen ramparts melt away.
Grinder blinks!
Your icy armour will break if you move.
Continue?
Your icy armour cracks and falls away as you move. 😮 MP[+1] 😮 HP[+1] Unknown command. 😮 MP[+1] 😕 HP[+1]
Casting: Frozen Ramparts (dangerous; 5% risk of failure)
Confirm with . or Enter, or press ? or * to list all spells.
Okay, then.
Reach: q) +0 spear {polearm}
Press: ? - help, Dir - move target, f - Grinder
Aim: Grinder (moderately wounded, about 43% to evade your +0 spear)
You reach to attack!
You closely miss Grinder. 😕 MP[+1] Grinder is nearby!
Reach: q) +0 spear {polearm}
Press: ? - help, Dir - move target, f/p - Grinder
Aim: Grinder (moderately wounded, about 43% to evade your +0 spear)
You reach to attack!
You closely miss Grinder. 😕 HP[+1] Reach: q) +0 spear {polearm}
Press: ? - help, Dir - move target, f/p - Grinder
Aim: Grinder (moderately wounded, about 43% to evade your +0 spear)
You reach to attack!
You hit Grinder.
Casting: Frozen Ramparts (dangerous; 5% risk of failure)
Confirm with . or Enter, or press ? or * to list all spells.
Casting: Frozen Ramparts (dangerous; 5% risk of failure)
Press: ? - help, Dir - look around, f - activate Some shallow water.
The walls around you are covered in ice.
Grinder completely resists.
The wall freezes Grinder but does no damage.
Grinder hits you.
You writhe in agony. 😮 HP[-9] MP[-3]
You take 9 damage, and now have 21/38 hp.
MASSIVE DAMAGE!! (PAUSE)
You lost 3 mp, and now have 0/9 mp.
You hit Grinder but do no damage.
Grinder completely resists.
The wall freezes Grinder but does no damage.
Grinder hits you.
* * * LOW HITPOINT WARNING * * *
You writhe in agony.
* * * LOW HITPOINT WARNING * * *
😨 HP[-7] MP[+1]
You take 7 damage, and now have 14/38 hp.
Unknown command.
You closely miss Grinder.
Grinder completely resists.
The wall freezes Grinder but does no damage.
Grinder hits you.
* * * LOW HITPOINT WARNING * * *
You writhe in agony.
* * * LOW HITPOINT WARNING * * *
😱 HP[-7]
You take 7 damage, and now have 7/38 hp.
Unknown command.
Casting: Frozen Ramparts (dangerous; 5% risk of failure)
Confirm with . or Enter, or press ? or * to list all spells.
Aiming: Freeze (safe; 1% risk of failure)
Press: ? - help, Shift-Dir - straight line, f - Grinder
Aim: Grinder (moderately wounded)
You freeze Grinder but do no damage.
Grinder completely resists. x2
The wall freezes Grinder but does no damage.
Grinder hits you.
* * * LOW HITPOINT WARNING * * *
You writhe in agony.
* * * LOW HITPOINT WARNING * * *
😱 HP[-5] MP[-1]
You take 5 damage, and now have 2/38 hp.
You lost 1 mp, and now have 0/9 mp.
Unknown command.
Your frozen ramparts will break if you move.
Continue?
The frozen ramparts melt away as you move.
Grinder gestures at you.
You barely resist. Grinder gestures at you. Pain shoots through your body!
You die...

Skill      XL: |  1  2  3  4 |
---------------+-------------+-----
Ice Magic      | 5 |  5.5
Fighting       | 1 2 |  2.1
Armour         | 1 2 |  2.1
Dodging        | 3 |  3.1
Spellcasting   | 3 |  3.0
Stealth        | |  1.7

Action                   |  1- 3 |  4- 6 || total
-------------------------+-------+-------++-------
Melee: Unarmed           |     6 |       ||     6
       Mace              |    36 |       ||    36
       Spear             |       |    58 ||    58
       Punch             |       |     1 ||     1
Throw: Stone             |    11 |       ||    11
 Cast: Freeze            |    44 |     2 ||    46
       Frozen Ramparts   |     5 |    19 ||    24
       Ozocubu's Armour  |       |     1 ||     1
 Abil: Hop               |       |     1 ||     1
 Stab: Sleeping          |     1 |       ||     1
Armor: Robe              |    14 |     8 ||    22
Dodge: Dodged            |    40 |    32 ||    72

Levels and vault maps discovered:
D:1:      heliophobic_arrival_henge, layout_basic, minmay_misc_feat_cross,
          roderic_serpentine_path, lemuel_another_geyser
D:2:      layout_basic, minmay_parallelograms, minmay_octomino_c4
D:3:      layout_rooms, serial_rivers, chequers_serial_rivers_large_b,
          chequers_serial_rivers_small_b, chequers_serial_rivers_small_3,
          chequers_serial_rivers_micro_b, st_stairs_9, uniq_grinder

Notes
Turn   | Place    | Note
-------+----------+-------------------------------------------
     0 | D:1      | mcwallace the Barachi Ice Elementalist began the quest for
                  | the Orb.
     0 | D:1      | Reached XP level 1. HP: 13/13 MP: 3/3
     0 | D:1      | magus.rc [v1.9.6]
   645 | D:1      | Reached XP level 2. HP: 20/20 MP: 1/5
   891 | D:1      | Reached skill level 5 in Ice Magic
  1126 | D:1      | Reached skill level 1 in Fighting
  1315 | D:2      | Reached skill level 1 in Armour
  1661 | D:2      | Reached XP level 3. HP: 25/26 MP: 4/6
  1665 | D:2      | Learned a level 3 spell: Frozen Ramparts
  1987 | D:2      | HP: 4/26 [worm (11)]
  3118 | D:3      | Reached XP level 4. HP: 30/32 MP: 3/8
  3475 | D:3      | Reached skill level 3 in Dodging
  3512 | D:3      | Reached skill level 2 in Fighting
  3512 | D:3      | Reached skill level 2 in Armour
  3539 | D:3      | You pick up a book of Hexes and begin reading...
  3539 | D:3      | You add the spells Inner Flame, Cause Fear and Discord to
                  | your library.
  3788 | D:3      | Reached skill level 3 in Spellcasting
  3788 | D:3      | Reached XP level 5. HP: 38/38 MP: 5/9
  3835 | D:3      | Noticed Grinder
  3857 | D:3      | Paralysed by Grinder for 5 turns
  4073 | D:2      | Learned a level 3 spell: Ozocubu's Armour
  4980 | D:3      | HP: 7/38 [Grinder (4)]
  4981 | D:3      | HP: 2/38 [Grinder (2)]
  4986 | D:3      | Killed from afar by Grinder

Vanquished Creatures
  3 adders (D:3)
  4 gnolls (D:3)
  2 worms
  5 dart slugs
  An orc (D:3)
  5 endoplasms
  2 giant cockroaches (D:2)
  4 goblins
  2 hobgoblins
  2 quokkas (D:2)
  4 ball pythons
  2 bats
  5 frilled lizards
  3 kobolds
  8 rats
52 creatures vanquished.

Table legend:
 A = Non-vault XP
 B = Vault XP
 C = Vault XP percentage of total XP
 D = Non-vault monster count
 E = Vault monster count
 F = Vault count percentage of total count
                 A         B        C        D         E       F
            +---------+---------+-------+---------+---------+-------
      Total |     174 |       7 |   3.9 |      48 |       4 |   7.7
            +---------+---------+-------+---------+---------+-------
        D:1 |      23 |       0 |   0.0 |      11 |       0 |   0.0
        D:2 |      23 |       7 |  23.3 |      14 |       4 |  22.2
        D:3 |     128 |       0 |   0.0 |      23 |       0 |   0.0
            +---------+---------+-------+---------+---------+-------

Illustrated notes

Table legend:
 A = Kills in this place as a percentage of kills in entire the game.
 B = Kills by you in this place as a percentage of kills by you in the entire game.
 C = Kills by friends in this place as a percentage of kills by friends in the entire game.
 D = Other kills in this place as a percentage of other kills in the entire game.
 E = Experience gained in this place as a percentage of experience gained in the entire game.
 F = Experience gained in this place divided by the number of levels of this place that you have seen.
                   A       B       C       D       E      F
               +-------+-------+-------+-------+-------+----------------------
         Total | 100.0 | 100.0 |   N/A |   N/A | 100.0 |  60.3
       Dungeon | 100.0 | 100.0 |   N/A |   N/A | 100.0 |  60.3
               +-------+-------+-------+-------+-------+----------------------

Table legend: (Time is in decaauts)
 A = Elapsed time spent in this place.
 B = Non-inter-level travel time spent in this place.
 C = Inter-level travel time spent in this place.
 D = Time resting spent in this place.
 E = Time spent auto-exploring this place.
 F = Levels seen in this place.
 G = Mean time per level.
                   A        B        C        D        E       F      G
               +--------+--------+--------+--------+--------+-----+--------+
         Total |   5501 |   5144 |    357 |    865 |   3100 |   3 | 1833.7 |
       Dungeon |   5501 |   5144 |    357 |    865 |   3100 |   3 | 1833.7 |
               +--------+--------+--------+--------+--------+-----+--------+

Top non-repeatable levels by time:
     D:2: 2819 daAuts
     D:1: 1481 daAuts
     D:3: 1199 daAuts
